[Event "Early-Titled-Tuesday-Blitz-February-27-2024"]
[Site "Chess.com"]
[Date "2024.02.27"]
[Round "9"]
[White "MightyGMpretender"]
[Black "Roman_Ovetchkin"]
[Result "1-0"]
[WhiteElo "2777"]
[BlackElo "2596"]
[TimeControl "180+1"]
[EndTime "9:44:53 PST"]
[Termination "MightyGMpretender won by checkmate"]

1. Nf3 Nf6 2. c4 c5 3. Nc3 d5 4. cxd5 Nxd5 5. e3 g6 6. Bb5+ Bd7 7. Bc4 Nb6 8. Bb3 c4 9. Bc2 Bg7 10. O-O O-O 11. b3 Nc6 12. Ba3 Bg4 13. Be4 Ne5 14. Rc1 cxb3 15. axb3 Qd7 16. d4 Nxf3+ 17. Bxf3 Bxf3 18.
Qxf3 Rfe8 19. Ne4 Qd5 20. Nc5 Qxf3 21. gxf3 Rab8 22. f4 Nd5 23. Rc2 a5 24. Rfc1 b6 25.
Nd3 e6 26. Bd6 Ra8 27. Rc6 b5 28. Ra1 Bf8 29. Bxf8 Kxf8 30. Rc5 Reb8 31. Ne5 Rb7 32.
Nc6 a4 33. bxa4 bxa4 34. Na5 Rb4 35. Nc6 Rb2 36. Ra3 Nf6 37. Rc1 Ne4 38. Rf1 Nd2 39.
Rfa1 Ne4 40. Rxa4 Rxa4 41. Rxa4 Nxf2 42. Ra7 f6 43. Nd8 Ng4 44. Nxe6+ Ke8 45. d5 Nxe3 46. d6 Rd2 47. Re7# 1-0

[Event "Early-Titled-Tuesday-Blitz-February-27-2024"]
[Site "Chess.com"]
[Date "2024.02.27"]
[Round "9"]
[White "Sam_ChessMood"]
[Black "ValentinDragnev"]
[Result "1-0"]
[WhiteElo "2946"]
[BlackElo "2734"]
[TimeControl "180+1"]
[EndTime "9:44:54 PST"]
[Termination "Sam_ChessMood won on time"]

1. d4 d5 2. c4 e6 3. Nf3 a6 4.
cxd5 exd5 5. Nc3 c6 6. e4 dxe4 7. Ng5 Be7 8. Bc4 Nh6 9. Ngxe4 Nf5 10. d5 O-O 11. O-O b5 12. Bb3 Bb7 13. Bf4 Nd7 14. Qg4 Nd4 15. Bh6 Bf6 16. Rad1 Nxb3 17. axb3 Ne5 18.
Qf5 Nd7 19. Nxf6+ Qxf6 20. Qxd7 Bc8 21. Qxc6 Qxh6 22. d6 Be6 23. Nd5 Rad8 24. Rd3 Kh8 25. Ne3 Rc8 26. Qxa6 Rfd8 27. Rfd1 Qf4 28. d7 1-0

[Event "Early-Titled-Tuesday-Blitz-February-27-2024"]
[Site "Chess.com"]
[Date "2024.02.27"]
[Round "9"]
[White "Batica1984"]
[Black "Russian_berezka"]
[Result "1-0"]
[WhiteElo "2756"]
[BlackElo "2587"]
[TimeControl "180+1"]
[EndTime "9:44:54 PST"]
[Termination "Batica1984 won by resignation"]

1. e4 c5 2. d4 cxd4 3. Qxd4 Nc6 4. Qd3 g6 5. Nc3 Bg7 6. Nf3 d6 7. Be2 Nf6 8. O-O O-O 9. Nd5 Nd7 10. c3 Nc5 11. Qc2 e6 12. Nf4 Qc7 13. Rd1 a5 14.
Be3 b6 15. Nd4 Rd8 16. Nb5 Qb8 17. Rd2 Bb7 18. Rad1 Bf8 19. Nh3 Ne5 20. f3 Bc6 21.
Bg5 Rd7 22. Nd4 Bb7 23. Nf2 a4 24. Bb5 Rc7 25. f4 Nc6 26. Bxc6 Bxc6 27. f5 exf5 28. exf5 Qb7 29. Nxc6 Qxc6 30. Ng4 h5 31. Nf6+ Kg7 32. Nd5 Rca7 33. Bf6+ Kh7 34. fxg6+ fxg6 35. Rf2 Rf7 36. c4 Qc8 37. Rdf1 Qe6 38. Bd4 Rxf2 39. Rxf2 Bg7 40. Bxg7 Kxg7 41. Qc3+ Qe5 42. Qxe5+ dxe5 43. Nxb6 Rb8 44. Nd5 Nd3 45. Rc2 Nxb2 46. c5 Nd3 47. h4 Nb4 48. Rb2 Rc8 49. Rxb4 Rxc5 50. Rb7+ Kf8 51. Ne7 Rc4 52. Nxg6+ Ke8 53. Nxe5 Kd8 54.
Nxc4 1-0

[Event "Early-Titled-Tuesday-Blitz-February-27-2024"]
[Site "Chess.com"]
[Date "2024.02.27"]
[Round "9"]
[White "N4700000"]
[Black "manitodeplomo"]
[Result "0-1"]
[WhiteElo "2471"]
[BlackElo "2646"]
[TimeControl "180+1"]
[EndTime "9:44:54 PST"]
[Termination "manitodeplomo won on time"]

1. e4 c5 2. a3 b6 3. b4 Bb7 4. Nc3 e6 5. bxc5 bxc5 6. Rb1 Qc8 7. Nf3 Nc6 8. Bb5 Nge7 9. O-O Ng6 10. Bb2 Bd6 11. Re1 O-O 12. Ne2 a6 13. Ba4 Nce5 14. Ng3 Bc6 15. Bxc6 Qxc6 16. Nxe5 Bxe5 17. Qh5 f6 18. c3 c4 19. Qf3 Rab8 20. d4 cxd3 21. Qxd3 Rb7 22. Ba1 Rfb8 23. Rxb7 Rxb7 24. h3 Nf4 25. Qc2 Qc4 26. Rb1 Rc7 27. Rb4 Qc6 28.
Rb8+ Kf7 29. Qb3 Bxc3 30. Bxc3 Qxc3 31. Qb6 Qe1+ 32. Kh2 Rc1 33. f3 h5 34. Rb7 h4 35.
Rxd7+ Kg6 0-1

[Event "Early-Titled-Tuesday-Blitz-February-27-2024"]
[Site "Chess.com"]
[Date "2024.02.27"]
[Round "9"]
[White "db-banana"]
[Black "AcostaPablo"]
[Result "0-1"]
[WhiteElo "2491"]
[BlackElo "2623"]
[TimeControl "180+1"]
[EndTime "9:44:55 PST"]
[Termination "AcostaPablo won by checkmate"]

1. e4 e6 2. d4 d5 3. exd5 exd5 4. Bd3 Nf6 5. h3 Bd6 6. Qf3 O-O 7. Ne2 Re8 8. Bg5 Nbd7 9. Nc3 c6 10. O-O-O Qa5 11.
Kb1 b5 12. Ng3 b4 13. Nce2 Ba6 14. Nf5 Bf8 15. Neg3 Ne4 16. Nxe4 dxe4 17. Bxe4 Bc4 18. b3 Nb6 19. Bxc6 Bd5 20. Bxd5 Nxd5 21. Bd2 Rac8 22. Ne3 Nc3+ 23. Bxc3 bxc3 24. Rd3 Qa3 25. Nd1 Re6 26. Rxc3 Rd8 27. Rc6 Rxc6 28. Qxc6 Rxd4 29.
Qc3 Rf4 30. Nb2 Rxf2 31. Nc4 Qc5 32. Re1 Rxg2 33. Qf3 Rg1 34. Rxg1 Qxg1+ 35. Kb2 g6 36. a4 Bg7+ 37. Ka3 Bf8+ 38. Ka2 h5 39. Ne5 Bg7 40. Qxf7+ Kh7 41. Qe8 Qg5 42. Nd3 Qf6 43. Ka3 Qc3 44. Qe7 a5 45. Qe4 Qa1# 0-1

[Event "Early-Titled-Tuesday-Blitz-February-27-2024"]
[Site "Chess.com"]
[Date "2024.02.27"]
[Round "9"]
[White "Shield12"]
[Black "jefferyx"]
[Result "0-1"]
[WhiteElo "2980"]
[BlackElo "3065"]
[TimeControl "180+1"]
[EndTime "9:44:56 PST"]
[Termination "jefferyx won on time"]

1. e4 e6 2. d4 d5 3. e5 c5 4. c3 Nc6 5. Nf3 cxd4 6. cxd4 Nge7 7. Na3 Nf5 8. Nc2 Qa5+ 9. Bd2 Qb6 10. Bc3 Be7 11. Bd3 Bd7 12. O-O a5 13. a4 Nb4 14.
Be2 O-O 15. Na3 f6 16. Nb5 Be8 17. g4 Nh6 18. h3 Nf7 19. Qd2 fxe5 20. dxe5 Nc6 21.
Rae1 Bd7 22. Bd3 Nb4 23. Be2 Bc5 24. Rc1 Nh8 25. Bd4 Bxd4 26. Qxd4 Qd8 27. Qe3 Ng6 28. Nfd4 Nf4 29. Rc7 Bxb5 30. Nxb5 d4 31. Qe4 Nxh3+ 32. Kg2 Nf4+ 33. Kg3 Nbd5 34. Rxb7 Nxe2+ 35. Qxe2 Qg5 36. Nd6 h5 37. Rh1 d3 38. Qe4 Rf4 0-1

[Event "Early-Titled-Tuesday-Blitz-February-27-2024"]
[Site "Chess.com"]
[Date "2024.02.27"]
[Round "9"]
[White "NastyaHn"]
[Black "SahibSinghKnight"]
[Result "1-0"]
[WhiteElo "2466"]
[BlackElo "2550"]
[TimeControl "180+1"]
[EndTime "9:44:57 PST"]
[Termination "NastyaHn won on time"]

1. Nc3 d5 2. e4 d4 3. Nce2 c5 4. Ng3 Nc6 5. Bc4 g6 6. Nf3 Bg7 7. d3 Nf6 8. a4 O-O 9. O-O Bg4 10. Bf4 h6 11. h3 Bxf3 12. Qxf3 g5 13. Bd2 Ne5 14.
Qe2 Nxc4 15. dxc4 e6 16. f4 Nh7 17. Nh5 f6 18. f5 Qe8 19. Nxg7 Kxg7 20. b3 exf5 21.
Rxf5 Qe7 22. Qd3 Rae8 23. Re1 Qc7 24. Re2 Rf7 25. Be1 Rfe7 26. Bg3 Qc8 27. e5 b6 28.
exf6+ Nxf6 29. Be5 Re6 30. Qf3 Rf8 31. Rf2 Qd8 32. h4 gxh4 33. Qg4+ Kh7 34. Qxh4 1-0

[Event "Early-Titled-Tuesday-Blitz-February-27-2024"]
[Site "Chess.com"]
[Date "2024.02.27"]
[Round "9"]
[White "Klavdia_Nik"]
[Black "NowInChess"]
[Result "0-1"]
[WhiteElo "2127"]
[BlackElo "2257"]
[TimeControl "180+1"]
[EndTime "9:44:57 PST"]
[Termination "NowInChess won on time"]

1. Nf3 Nf6 2. c4 g6 3. b4 Bg7 4. Bb2 O-O 5. g3 a5 6. b5 d6 7. Bg2 e5 8. O-O Nbd7 9. d3 Nc5 10. a4 Nh5 11. Qc2 f5 12. e3 Be6 13. d4 exd4 14.
Bxd4 Qe7 15. Nbd2 Rae8 16. Rad1 h6 17. Nh4 Kh7 18. Bxc5 dxc5 19. Bxb7 g5 20. Ng2 Qf7 21. h4 Kh8 22. hxg5 hxg5 23. Bc6 Rd8 24. Nf3 Bf6 25. Rc1 f4 26. exf4 gxf4 27. Ngh4 Rg8 28. Be4 fxg3 29.
fxg3 Nxg3 30. Ng6+ Kg7 31. Nfh4 Nxf1 32. Rxf1 Bd4+ 0-1

[Event "Early-Titled-Tuesday-Blitz-February-27-2024"]
[Site "Chess.com"]
[Date "2024.02.27"]
[Round "9"]
[White "ploxoi"]
[Black "Predator0608"]
[Result "0-1"]
[WhiteElo "2456"]
[BlackElo "2566"]
[TimeControl "180+1"]
[EndTime "9:44:59 PST"]
[Termination "Predator0608 won by resignation"]

1. d4 d6 2. Nf3 Nd7 3. c4 g6 4. Nc3 Bg7 5. e4 e5 6. Be2 Ne7 7. O-O O-O 8. Be3 f5 9. dxe5 dxe5 10. exf5 gxf5 11. Bg5 e4 12. Nd5 Nf6 13. Nd4 Nexd5 14.
cxd5 Kh8 15. Rc1 Qxd5 16. Rxc7 Ne8 17. Rc4 Nd6 18. Rc2 Nf7 19. Be7 Re8 20. Bc5 b6 21. Bc4 Qxc5 22. Bxf7 Qxd4 23. Qxd4 Bxd4 24. Bxe8 Ba6 25.
Rd1 Bd3 26. Bc6 Rc8 27. Rcc1 Bxb2 28. a4 Bxc1 29. Rxc1 b5 30. a5 b4 31. a6 b3 0-1

[Event "Early-Titled-Tuesday-Blitz-February-27-2024"]
[Site "Chess.com"]
[Date "2024.02.27"]
[Round "9"]
[White "Herman-NY"]
[Black "Adar_07"]
[Result "0-1"]
[WhiteElo "2522"]
[BlackElo "2770"]
[TimeControl "180+1"]
[EndTime "9:45:00 PST"]
[Termination "Adar_07 won on time"]

1. e4 e6 2. d4 d5 3. Nd2 Nf6 4. e5 Nfd7 5. f4 c5 6. c3 Nc6 7. Ndf3 f5 8. Bd3 Be7 9. Ne2 Qb6 10. O-O O-O 11. Kh1 a5 12. Rg1 cxd4 13. cxd4 Nb4 14. Bb1 g6 15. g4 Rf7 16. Nc3 fxg4 17. Rxg4 Nf8 18. h4 Bd7 19. h5 Rg7 20. Qg1 Be8 21.
a3 Nc6 22. f5 exf5 23. Bxf5 Rd8 24.
Bb1 Qc7 25. Ba2 Bf7 26. h6 Ne6 27. hxg7 Nxg7 28. Bb1 Qc8 29. Bd3 Be6 30. Rg2 Bf5 31. Be2 Rf8 32. Bg5 Be4 33. Nxe4 dxe4 34. Nh2 Bxg5 35. Rxg5 Ne6 36. Bc4 Kg7 37. Bxe6 Qxe6 38.
Rd1 Qd5 39. Qe3 Ne7 40. Rg4 Nf5 41. Qxe4 Ng3+ 42. Rxg3 Qxe4+ 43. Rg2 Rf2 44. Rg1 Rxb2 45. Ng4 h5 46. Nh2 h4 0-1

[Event "Early-Titled-Tuesday-Blitz-February-27-2024"]
[Site "Chess.com"]
[Date "2024.02.27"]
[Round "9"]
[White "sokidze"]
[Black "Kunalm64"]
[Result "1-0"]
[WhiteElo "2772"]
[BlackElo "2593"]
[TimeControl "180+1"]
[EndTime "9:45:01 PST"]
[Termination "sokidze won by resignation"]

1. d4 Nf6 2. Nf3 e6 3. c4 d5 4. g3 Bd6 5. Bg2 h6 6. O-O O-O 7. b3 b6 8. Bb2 Bb7 9. Nc3 Nbd7 10. Rc1 a6 11. cxd5 exd5 12. e3 Re8 13. Ne2 Rc8 14. Nf4 Qe7 15. Nd3 c5 16. dxc5 Nxc5 17. Nd4 Qd7 18.
Nf4 Nce4 19. Rxc8 Rxc8 20. Bh3 Qe8 21. Bxc8 Bxc8 22. Nde2 Bb7 23. h4 d4 24. Bxd4 Qc6 25. f3 Nc5 26. Bxf6 Bxf4 27. Qd8+ Kh7 28. Nxf4 gxf6 29.
Qd4 Nd7 30. Qc4 Qxc4 31. bxc4 Ne5 32. e4 Nxc4 33. Rd1 Ne5 34. Kf2 Kg7 35. Rd6 f5 36.
Rxb6 Bc8 37. exf5 Bxf5 38. Rxa6 1-0

[Event "Early-Titled-Tuesday-Blitz-February-27-2024"]
[Site "Chess.com"]
[Date "2024.02.27"]
[Round "9"]
[White "djano"]
[Black "Manukyan_Artak"]
[Result "0-1"]
[WhiteElo "2588"]
[BlackElo "2487"]
[TimeControl "180+1"]
[EndTime "9:45:01 PST"]
[Termination "Manukyan_Artak won on time"]

1. Nc3 c5 2. e4 a6 3. g4 b5 4. Bg2 b4 5. Na4 e6 6. Ne2 h5 7. gxh5 Rxh5 8. d4 cxd4 9. Nxd4 Nf6 10. Be3 Bb7 11. Qd3 d5 12. e5 Rxe5 13. O-O-O Nbd7 14. Kb1 Qa5 15. b3 O-O-O 16. Bf3 Ne4 17. Rhf1 Ndc5 18. Nxc5 Nc3+ 19. Qxc3 bxc3 20. Nd3 Bd6 21. Bf4 Re4 22.
Bxd6 Rxd6 23. Ne2 Rh4 24. Rg1 g6 25. Ndc1 d4 26. Bxb7+ Kxb7 27. Rg3 Qa3 28. Nd3 e5 29. f3 f5 30. Nec1 e4 31. fxe4 fxe4 32. Re1 exd3 33. Nxd3 Kc7 34. Rf3 Rh7 35. h3 Rdd7 36. Ref1 Rde7 37.
h4 Re3 38. Rxe3 dxe3 39. Re1 Rf7 40. Rd1 e2 41. Re1 Rf1 0-1

[Event "Early-Titled-Tuesday-Blitz-February-27-2024"]
[Site "Chess.com"]
[Date "2024.02.27"]
[Round "9"]
[White "TitarovVasiliYouTube"]
[Black "annamaja"]
[Result "0-1"]
[WhiteElo "2496"]
[BlackElo "2430"]
[TimeControl "180+1"]
[EndTime "9:45:01 PST"]
[Termination "annamaja won by resignation"]

1. e4 e6 2. d3 d5 3. Nd2 c5 4. g3 Nc6 5. Ngf3 e5 6. Bg2 Nf6 7.
O-O d4 8. a4 Be7 9. Nc4 Qc7 10.
Nh4 Bg4 11. f3 Be6 12. Qe1 Nb4 13. Rf2 Bxc4 14. dxc4 d3 15. cxd3 Nxd3 16. Qf1 Nxf2 17. Qxf2 g6 18. f4 O-O 19. f5 Rfd8 20. Bg5 Nxe4 21.
Bxe4 Bxg5 22. Bd5 Bxh4 23. gxh4 Rd6 24. Rf1 Rf6 25. Qg3 Kh8 26. Qg5 Qd6 27. Kh1 Re8 28.
h5 Rxf5 29. Rxf5 gxf5 30. Qxf5 e4 31. Qxf7 Qe5 32. h6 e3 33. Bf3 Qe7 34. Qf5 Rf8 35. Qh5 Qf6 36. Be2 Qxb2 37. Qg4 Qc1+ 38. Kg2 Rg8 0-1

[Event "Early-Titled-Tuesday-Blitz-February-27-2024"]
[Site "Chess.com"]
[Date "2024.02.27"]
[Round "9"]
[White "Chopper1905"]
[Black "Mikhail_Bryakin"]
[Result "1-0"]
[WhiteElo "2939"]
[BlackElo "2753"]
[TimeControl "180+1"]
[EndTime "9:45:02 PST"]
[Termination "Chopper1905 won by checkmate"]

1. d4 Nf6 2. c4 b6 3. Nc3 Bb7 4. Qc2 d5 5. cxd5 Nxd5 6. Nf3 e6 7. e4 Nxc3 8. bxc3 c5 9. Bb5+ Bc6 10. Bd3 cxd4 11. cxd4 Bb4+ 12. Bd2 Bxd2+ 13. Qxd2 O-O 14.
O-O Nd7 15. Rac1 Bb7 16. Rc3 Rc8 17. Ra3 Nf6 18. e5 Bxf3 19. exf6 Bd5 20. Bxh7+ Kxh7 21. Rh3+ Kg8 22. fxg7 Qf6 23. gxf8=Q+ Kxf8 24. Qb4+ Ke8 25. Rg3 Rc6 26. Rg8+ Kd7 27. Qf8 Bxa2 28. Qa3 Bc4 29.
Rd1 a5 30. Qf8 Bd5 31. Rg7 e5 32. dxe5 Qxe5 33. Rxf7+ Ke6 34. Qe7# 1-0

[Event "Early-Titled-Tuesday-Blitz-February-27-2024"]
[Site "Chess.com"]
[Date "2024.02.27"]
[Round "9"]
[White "MessiKingdom"]
[Black "Jumbo"]
[Result "1-0"]
[WhiteElo "2680"]
[BlackElo "2884"]
[TimeControl "180+1"]
[EndTime "9:45:03 PST"]
[Termination "MessiKingdom won on time"]

1. d4 e6 2. Bf4 Nf6 3. e3 b6 4.
Qf3 Nc6 5. Nc3 Bb7 6. O-O-O Be7 7. h4 d6 8. h5 h6 9. Qg3 Rg8 10. e4 a6 11. e5 dxe5 12. dxe5 Nd7 13. Nf3 Kf8 14. Bd3 Nb4 15. Be2 Qe8 16. a3 Nd5 17.
Nxd5 Bxd5 18. Nh4 Nc5 19. Bf3 Bxh4 20. Rxh4 c6 21. Rg4 Ke7 22. Rxg7 Rxg7 23. Qxg7 Qh8 24. Bxh6 b5 25. Bg5+ Kd7 26. Qxf7+ Kc8 27. Bxd5 cxd5 28. Bf6 Qh6+ 29. Kb1 Nd7 30. Qe8+ Kc7 31. Qxa8 Qxh5 32. Qa7+ 1-0

[Event "Early-Titled-Tuesday-Blitz-February-27-2024"]
[Site "Chess.com"]
[Date "2024.02.27"]
[Round "9"]
[White "chipmunknau"]
[Black "tetrix83"]
[Result "0-1"]
[WhiteElo "2719"]
[BlackElo "2571"]
[TimeControl "180+1"]
[EndTime "9:45:03 PST"]
[Termination "tetrix83 won on time"]

1. Nf3 d5 2. c4 e6 3. g3 Nf6 4. Bg2 dxc4 5. Qa4+ Nbd7 6. Qxc4 c5 7.
Qc2 Be7 8. O-O O-O 9. d4 Qb6 10. Rd1 cxd4 11. Nxd4 Nc5 12. Na3 e5 13. Nc4 Qc7 14.
Nb5 Qb8 15. Nbd6 Ne6 16. Be3 Rd8 17. Nxc8 Rxc8 18. Qb3 Nc5 19. Bxc5 Rxc5 20. Qxb7 Qxb7 21. Bxb7 Rb8 22. Ba6 Rc6 23. Nxe5 Rxa6 24. Rac1 Bf8 25. a3 Re6 26. f4 g6 27. Rc2 Bd6 28. Nc6 Rb7 29. Kf1 Ng4 30. Nd8 Ne3+ 31. Kg1 Nxd1 32. Nxb7 Be7 33. Rd2 Ne3 34. b3 Rb6 35. Na5 Bc5 36.
b4 Nc4+ 0-1

[Event "Early-Titled-Tuesday-Blitz-February-27-2024"]
[Site "Chess.com"]
[Date "2024.02.27"]
[Round "9"]
[White "Alexander_Donchenko"]
[Black "maciek_92"]
[Result "0-1"]
[WhiteElo "2901"]
[BlackElo "2859"]
[TimeControl "180+1"]
[EndTime "9:45:04 PST"]
[Termination "maciek_92 won by checkmate"]

1. e4 c5 2. Nf3 e6 3. c3 Nf6 4.
e5 Nd5 5. d4 cxd4 6. cxd4 Nc6 7.
Bd3 d6 8. O-O Be7 9. Nc3 Nxc3 10. bxc3 dxe5 11. dxe5 Qc7 12. Qe2 b6 13. Re1 Bb7 14.
Bg5 Rd8 15. Rad1 Bxg5 16. Nxg5 h6 17. Qh5 O-O 18. f4 Ne7 19. Bh7+ Kh8 20. Be4 Nd5 21. Nxe6 fxe6 22. Qg6 Rf5 23. Qxe6 Rxf4 24. Bxd5 Qc5+ 25. Kh1 Bxd5 26. Qh3 Rdf8 27. e6 Qf2 28. Rg1 Re4 29.
Qd3 Bc6 30. Qd6 Bb7 31. e7 Re8 32. Qd7 R4xe7 33. Qd6 Bxg2+ 34. Rxg2 Re1+ 35. Rg1 Qf3# 0-1

[Event "Early-Titled-Tuesday-Blitz-February-27-2024"]
[Site "Chess.com"]
[Date "2024.02.27"]
[Round "9"]
[White "Flawless_Fighter"]
[Black "Janosik"]
[Result "1-0"]
[WhiteElo "2746"]
[BlackElo "2853"]
[TimeControl "180+1"]
[EndTime "9:45:04 PST"]
[Termination "Flawless_Fighter won by resignation"]

1. e4 e5 2. Nf3 Nc6 3. Nc3 d6 4.
d4 Bd7 5. Bb5 Nge7 6. O-O g6 7.
Bg5 Bg7 8. dxe5 Nxe5 9. Nxe5 dxe5 10. Nd5 Bxb5 11. Bxe7 Qd7 12. Re1 Bc6 13. Nf6+ Bxf6 14. Bxf6 O-O 15. Qc1 Qe6 16. Qg5 h6 17. Qxe5 Rfe8 18.
Qc3 Kh7 19. Re3 Qg4 20. h3 Qf4 21. f3 Re6 22. Bd4 b6 23. Rae1 Rd8 24. Qc4 Be8 25.
Bc3 Qg3 26. Rd3 Rxd3 27. Qxd3 Rd6 28. Qe3 Bd7 29. Kh1 Bxh3 30. gxh3 Qxh3+ 31. Kg1 Qg3+ 32. Kf1 Qh3+ 33. Ke2 Qe6 34. Rh1 g5 35. Qxg5 Qc4+ 36. Kf2 Rg6 37. Rxh6+ 1-0

[Event "Early-Titled-Tuesday-Blitz-February-27-2024"]
[Site "Chess.com"]
[Date "2024.02.27"]
[Round "9"]
[White "Actuary44"]
[Black "GelmanAlexander"]
[Result "1-0"]
[WhiteElo "2534"]
[BlackElo "2699"]
[TimeControl "180+1"]
[EndTime "9:45:04 PST"]
[Termination "Actuary44 won on time"]

1. e4 c5 2. d4 cxd4 3. c3 dxc3 4. Nxc3 e6 5. f4 Nc6 6. Nf3 a6 7. Bd3 d6 8. O-O Nf6 9. Kh1 Be7 10. Qe1 O-O 11. Be3 b5 12. Rd1 Qc7 13. Qg3 Bb7 14. e5 Nd7 15. exd6 Bxd6 16. Bxh7+ Kxh7 17. Ng5+ Kg8 18. Qh4 Nf6 19. Nce4 Rfd8 20. Rxd6 Rxd6 21. Bc5 Nxe4 22. Qh7+ Kf8 23. Nxe4 Rd8 24. Rd1 Nd4 25. Nxd6 Rxd6 26. Bxd6+ Qxd6 27. Qh8+ Ke7 28. Qxg7 Qc6 29. Qg5+ Ke8 30. f5 e5 31. f6 Qd5 32. h4 Kd7 33. h5 Ke6 34. h6 1-0

[Event "Early-Titled-Tuesday-Blitz-February-27-2024"]
[Site "Chess.com"]
[Date "2024.02.27"]
[Round "9"]
[White "Fjal"]
[Black "Ramla2020"]
[Result "1/2-1/2"]
[WhiteElo "2273"]
[BlackElo "2400"]
[TimeControl "180+1"]
[EndTime "9:45:04 PST"]
[Termination "Game drawn by repetition"]

1. Nf3 d5 2. g3 c6 3. Bg2 Nd7 4. O-O e5 5. c4 e4 6. Nd4 Ngf6 7. cxd5 cxd5 8. d3 Be7 9. Nc3 exd3 10. exd3 Nb6 11.
a4 a5 12. Re1 O-O 13. Qb3 Bb4 14. Bg5 h6 15. Bf4 Bd7 16. Re2 Bg4 17. Re3 Bc5 18.
Ncb5 Qd7 19. Rae1 Nxa4 20. Qxa4 Bxd4 21. Qxd4 Qxb5 22. Bxh6 Qb4 23. Qe5 Bh5 24. Bg5 Rae8 25. Qf5 Bg6 26. Qf4 Qxe1+ 27. Rxe1 Rxe1+ 28. Bf1 Bxd3 29. Bxf6 Bxf1 30. h4 gxf6 31. Qg4+ Kh7 32. Qh5+ Kg7 33. Qg4+ Kh6 34. Qf4+ Kg6 35. Qg4+ Kh6 36. Qf4+ Kg7 37.
Qg4+ Kh7 38. Qf5+ Kh8 39. Qh5+ Kg7 40. Qg4+ 1/2-1/2

[Event "Early-Titled-Tuesday-Blitz-February-27-2024"]
[Site "Chess.com"]
[Date "2024.02.27"]
[Round "9"]
[White "IM_ArthurDW08"]
[Black "DefiantChair"]
[Result "0-1"]
[WhiteElo "2812"]
[BlackElo "2625"]
[TimeControl "180+1"]
[EndTime "9:45:05 PST"]
[Termination "DefiantChair won by resignation"]

1. e4 e5 2. Nf3 Nc6 3. Bb5 Nf6 4. d3 Bc5 5. Bg5 h6 6. Bh4 d6 7. c3 Bb6 8. Nbd2 O-O 9. O-O g5 10. Nxg5 hxg5 11. Bxg5 Kg7 12. Qf3 Rh8 13. Nc4 Rh6 14.
Ne3 Rg6 15. h4 Rxg5 16. hxg5 Nh7 17. Bc4 Nxg5 18. Qg3 Qf6 19. Nd5 Qg6 20. Nxb6 axb6 21. Rfe1 Be6 22. Bxe6 Nxe6 23. Qe3 Nf4 24. g3 Rh8 25.
Qf3 Ne6 26. Kf1 Qh6 27. Qg4+ Kf6 28. Ke2 Ke7 29. Rh1 Qxh1 30. Rxh1 Rxh1 31. f4 Rb1 32. f5 Rxb2+ 33. Kf1 Ned8 34. Qh4+ f6 35. Qh8 Rxa2 36. g4 Ra1+ 37. Kg2 Ra2+ 38. Kg3 Rd2 39. g5 Rxd3+ 40.
Kf2 fxg5 41. f6+ Ke6 42. Qf8 g4 43. Qg7 Rf3+ 44. Ke2 Rxf6 45. Qxg4+ Ke7 46. Qc8 Ne6 47. Qxb7 Na5 48. Qc8 Rf8 49. Qa6 Nc5 50. Qb5 0-1

[Event "Early-Titled-Tuesday-Blitz-February-27-2024"]
[Site "Chess.com"]
[Date "2024.02.27"]
[Round "9"]
[White "BallottiLuca"]
[Black "Dewarfd"]
[Result "1-0"]
[WhiteElo "2389"]
[BlackElo "2149"]
[TimeControl "180+1"]
[EndTime "9:45:05 PST"]
[Termination "BallottiLuca won on time"]

1. d4 Nf6 2. c4 g6 3. Nc3 d5 4.
cxd5 Nxd5 5. Bd2 c5 6. dxc5 Bg7 7. Rc1 Nxc3 8. Bxc3 Qxd1+ 9. Kxd1 O-O 10. Bxg7 Kxg7 11.
e4 Be6 12. Bc4 Rd8+ 13. Ke2 Bd7 14. Nf3 Nc6 15. a3 Bg4 16. Ke3 Bxf3 17. gxf3 a5 18. f4 e5 19. Bd5 Rac8 20. Rhd1 Re8 21. Bxc6 Rxc6 22. b4 axb4 23. axb4 b6 24. Rd6 exf4+ 25.
Kxf4 Rec8 26. Rxc6 Rxc6 27. Ke5 bxc5 28. bxc5 Kf8 29.
Kd5 Rc8 30. c6 Ke7 31. e5 Rc7 32. Rb1 h5 33. Rb7 Kd8 34. Rxc7 Kxc7 35. f4 h4 36. h3 Kc8 37. Kd6 Kd8 38. c7+ Kc8 39.
Kc6 1-0

[Event "Early-Titled-Tuesday-Blitz-February-27-2024"]
[Site "Chess.com"]
[Date "2024.02.27"]
[Round "9"]
[White "ahkashefi2800"]
[Black "vovachesss"]
[Result "1-0"]
[WhiteElo "2622"]
[BlackElo "2763"]
[TimeControl "180+1"]
[EndTime "9:45:06 PST"]
[Termination "ahkashefi2800 won on time"]

1. Nf3 d6 2. b3 c5 3. Bb2 Nf6 4. g3 b6 5. Bg2 Bb7 6. O-O g6 7. c4 Bg7 8. d3 O-O 9. Qc2 d5 10. e3 Nc6 11. a3 Qc7 12. cxd5 Nxd5 13. Bxg7 Kxg7 14. Nc3 Rad8 15. Nxd5 Rxd5 16. Rac1 Rfd8 17.
Rfd1 Qd7 18. d4 cxd4 19. exd4 Rd6 20. b4 e5 21. d5 Rxd5 22. Rxd5 Qxd5 23. Nxe5 Qxg2+ 24. Kxg2 Nd4+ 25. Kh3 Nxc2 26. Rxc2 Rd5 27. f4 Rd1 28. Rc7 Bd5 29. Rxa7 Be6+ 30. g4 h5 31. f5 hxg4+ 32. Kxg4 Bxf5+ 33. Kf4 Be6 34. h4 Rd4+ 35. Kg3 Re4 36. Nf3 Rg4+ 37. Kf2 Rc4 38. Kg3 Rc3 39.
Kf4 Kf6 40. Ng5 Rc4+ 41. Ne4+ Kg7 42. Ke5 Bf5 43. Rxf7+ 1-0

[Event "Early-Titled-Tuesday-Blitz-February-27-2024"]
[Site "Chess.com"]
[Date "2024.02.27"]
[Round "9"]
[White "Muslim_player_05"]
[Black "LeninGuerra"]
[Result "1/2-1/2"]
[WhiteElo "2475"]
[BlackElo "2577"]
[TimeControl "180+1"]
[EndTime "9:45:07 PST"]
[Termination "Game drawn by repetition"]

1. d4 Nf6 2. c4 c5 3. d5 b5 4.
cxb5 a6 5. e3 d6 6. Nc3 g6 7. Nf3 Bg7 8. e4 O-O 9. a4 axb5 10.
Bxb5 Ba6 11. Bxa6 Rxa6 12. O-O Nbd7 13. Qe2 Qa8 14. Bg5 h6 15. Bd2 Rb8 16. Rfb1 Rb4 17. e5 dxe5 18. Nxe5 Nxe5 19. Qxe5 Ne4 20. Qxe7 Nxd2 21.
Rd1 Rxb2 22. Rac1 Bf8 23. Qe2 Bg7 24. Rxd2 Rxd2 25. Qxd2 Bxc3 26. Qxc3 Qxd5 27. Qxc5 Qxc5 28. Rxc5 Rxa4 29. h3 Kg7 30. Kh2 h5 31. Rc3 f6 32.
Kg3 Kh6 33. Rc6 h4+ 34. Kf3 Kg5 35. g3 Ra3+ 36. Kg2 hxg3 37. fxg3 f5 38. h4+ Kh5 39. Rf6 Rb3 40. Kh3 Rc3 41. Kg2 Rd3 42. Kh3 Rc3 43.
Kg2 Rc1 44. Kh3 Rg1 45. Kh2 Rc1 46. Kg2 Rc2+ 47. Kf3 Rc3+ 48. Kg2 1/2-1/2

[Event "Early-Titled-Tuesday-Blitz-February-27-2024"]
[Site "Chess.com"]
[Date "2024.02.27"]
[Round "9"]
[White "BeardedNM"]
[Black "FernandoArauzAlonso"]
[Result "0-1"]
[WhiteElo "2240"]
[BlackElo "2616"]
[TimeControl "180+1"]
[EndTime "9:45:08 PST"]
[Termination "FernandoArauzAlonso won by resignation"]

1. e4 g6 2. d4 Bh6 3. Bxh6 Nxh6 4. Nc3 f6 5. h4 Nf7 6. f4 d6 7. Nf3 Bg4 8. Be2 Nd7 9. Ng1 Bxe2 10. Ngxe2 e5 11. h5 Qe7 12. Qd3 O-O-O 13. O-O-O Kb8 14. Rh3 g5 15. f5 exd4 16. Nd5 Qe5 17. Nxd4 Nc5 18. Qb5 Kc8 19. Ra3 a6 20. Qc4 Qxe4 21. Nc3 Ne5 22. Qb4 Qf4+ 23. Kb1 Ng4 24. Nd5 Qe4 25. Nc3 Qxg2 26. Ne6 Nxe6 27. fxe6 Ne5 28. Nd5 Nc6 29. Rc3 Rhe8 30. Rxc6 bxc6 31. Nb6+ cxb6 32.
Qxb6 c5 33. Qxa6+ Qb7 34. Qa4 Rxe6 35. Qc4 Rde8 36. a4 Re1 37. Rxe1 Rxe1+ 38. Ka2 Re8 39.
Qf7 Qxf7+ 0-1

[Event "Early-Titled-Tuesday-Blitz-February-27-2024"]
[Site "Chess.com"]
[Date "2024.02.27"]
[Round "9"]
[White "SARGISMV"]
[Black "Abund"]
[Result "1-0"]
[WhiteElo "2507"]
[BlackElo "2758"]
[TimeControl "180+1"]
[EndTime "9:45:09 PST"]
[Termination "SARGISMV won by checkmate"]

1. d4 d5 2. c4 e6 3. Nc3 Nf6 4.
Bg5 Be7 5. e3 h6 6. Bxf6 Bxf6 7.
Nf3 dxc4 8. Bxc4 c5 9. dxc5 Bxc3+ 10. bxc3 Qa5 11. O-O O-O 12. Qd4 Nc6 13. Qe4 Qxc5 14. Bd3 f5 15. Qc4 Qe7 16. e4 Na5 17. Qb4 Qc7 18. Rfe1 Bd7 19. exf5 exf5 20. Ne5 Be6 21. Ng6 Rf6 22. Nf4 Bf7 23. Re7 Qd8 24. Bb5 a6 25.
Rd7 Qb6 26. Bd3 Qxb4 27. cxb4 Nc6 28. Rxb7 Ne5 29. Bf1 g5 30. Nd3 Nxd3 31. Bxd3 Rd8 32. Bf1 Rd2 33. a3 Rc6 34. Re1 Rcc2 35. Ree7 Bc4 36. Re8# 1-0